[Event "Turkish Second League 2019"]
[Site "Konya"]
[Date "2019.07.27"]
[Round "8"]
[White "Ucucu, Salih"]
[Black "Acar, Cengiz Can"]
[Result "1-0"]
[ECO "B01"]
[WhiteElo "1819"]
[BlackElo "1756"]
[Annotator "NA"]
[PlyCount "61"]
[EventDate "2019.07.22"]
[EventType "team-tourn"]
[EventCountry "TUR"]
[SourceTitle "playchess.com"]
[Source "ChessBase"]
[SourceQuality "1"]
[TimeControl "5400+30"]

1. e4 d5 2. exd5 Qxd5 3. Nc3 Qd6 4. d4 c6 5. Nf3 Bg4 6. h3 Bxf3 7. Qxf3 Qxd4 8. Bf4 Qd8 9. Nb5 Na6 10. Rd1 Qa5+ 11. c3 Rd8 12. Rxd8+ Qxd8 13. Qe3 e6 14. Qxa7 Qc8 15. Nd6+ Bxd6 16. Bxd6 Nc7 17. c4 Ne7 18. Bd3 Qd8 19. Qd4 f6 20. O-O e5 21. Qc5 Ne6 22. Qa3 Nd4 23. f4 Nef5 24. fxe5 Nxd6 25. exd6 O-O 26. Qc5 Ne6 27. Bxh7+ Kxh7 28. Qf5+ Kh8 29. Qxe6 Re8 30. Qg4 Qxd6 31. Qh5+ 1-0

[Event "Turkish Second League 2019"]
[Site "Konya"]
[Date "2019.07.27"]
[Round "8"]
[White "Alaoglu, Niyazi Bekirhan"]
[Black "Danaci, Ege"]
[Result "1/2-1/2"]
[ECO "C01"]
[WhiteElo "1769"]
[BlackElo "1976"]
[Annotator "NA"]
[PlyCount "60"]
[EventDate "2019.07.22"]
[EventType "team-tourn"]
[EventCountry "TUR"]
[SourceTitle "playchess.com"]
[Source "ChessBase"]
[SourceQuality "1"]
[TimeControl "5400+30"]

1. e4 e6 2. d4 d5 3. exd5 exd5 4. Bd3 Bd6 5. Ne2 Ne7 6. O-O O-O 7. c3 c6 8. Bf4 Bf5 9. Bxd6 Bxd3 10. Qxd3 Qxd6 11. Nd2 Nd7 12. Rfe1 Qg6 13. Qxg6 Nxg6 14. Kf1 Rfe8 15. Ng3 Kf8 16. Rxe8+ Rxe8 17. Re1 Rxe1+ 18. Kxe1 Nf4 19. Kf1 Kg8 20. b3 g6 21. Ne2 Nxe2 22. Kxe2 Kg7 23. f4 h5 24. Kf3 Kf6 25. g3 a5 26. a4 b6 27. h3 Nf8 28. Nf1 Nd7 29. Ne3 Nf8 30. Ng2 Ne6 1/2-1/2

[Event "Turkish Second League 2019"]
[Site "Konya"]
[Date "2019.07.27"]
[Round "8"]
[White "Ayazmali, Gizem"]
[Black "Demirtas, Hafize"]
[Result "1-0"]
[ECO "A36"]
[WhiteElo "1767"]
[BlackElo "1893"]
[Annotator "NA"]
[PlyCount "104"]
[EventDate "2019.07.22"]
[EventType "team-tourn"]
[EventCountry "TUR"]
[SourceTitle "playchess.com"]
[Source "ChessBase"]
[SourceQuality "1"]
[TimeControl "5400+30"]

1. g3 c5 2. Bg2 Nc6 3. e4 g6 4. Ne2 Bg7 5. c4 e6 6. Nbc3 Nge7 7. d3 O-O 8. Be3 Nd4 9. O-O Nec6 10. Qd2 a6 11. Bh6 Qa5 12. Qg5 f6 13. Qh4 Rb8 14. Bxg7 Kxg7 15. Nf4 Ne5 16. f3 b5 17. cxb5 axb5 18. g4 h6 19. Qf2 g5 20. Nh5+ Kh7 21. Rfd1 Ng6 22. Ne2 Nxe2+ 23. Qxe2 e5 24. Qc2 d6 25. a3 Qb6 26. Kh1 Be6 27. Rac1 Rbc8 28. Qd2 Ne7 29. Ng3 Nc6 30. Nf5 Bxf5 31. gxf5 Nd4 32. Qf2 Kg7 33. Bf1 h5 34. h4 Kh6 35. hxg5+ fxg5 36. Bh3 Rf6 37. Rg1 Rg8 38. Qe3 Rf7 39. Rg2 Qd8 40. Rh2 Kg7 41. b4 cxb4 42. axb4 Kf6 43. Rg1 Rfg7 44. Ra2 Rh8 45. Rag2 Qg8 46. Qc1 g4 47. f4 Qc8 48. fxe5+ dxe5 49. Qa3 Rhh7 50. Qa5 Rb7 51. Qa6+ Qc6 52. Qa8 Rbf7 1-0

[Event "Turkish Second League 2019"]
[Site "Konya"]
[Date "2019.07.27"]
[Round "8"]
[White "Erdogmus, Yagiz Kaan"]
[Black "Akdag, Omer Amir"]
[Result "0-1"]
[ECO "B36"]
[WhiteElo "1744"]
[BlackElo "1903"]
[Annotator "NA"]
[PlyCount "106"]
[EventDate "2019.07.22"]
[EventType "team-tourn"]
[EventCountry "TUR"]
[SourceTitle "playchess.com"]
[Source "ChessBase"]
[SourceQuality "1"]
[TimeControl "5400+30"]

1. e4 c5 2. Nf3 g6 3. d4 cxd4 4. Nxd4 Nc6 5. c4 Nf6 6. Nc3 Nxd4 7. Qxd4 d6 8. Be2 Bg7 9. Bg5 O-O 10. Qe3 a5 11. O-O a4 12. Rfd1 Qa5 13. Rac1 Be6 14. Nd5 Bxd5 15. exd5 Rfe8 16. Bh6 Nd7 17. Bxg7 Kxg7 18. Rd4 Qc5 19. Qd2 Rac8 20. Rh4 Nf8 21. Rc3 Qb4 22. Qc1 e6 23. Bf1 exd5 24. cxd5 Qxh4 25. Rxc8 Rxc8 26. Qxc8 Qb4 27. Qc3+ Qxc3 28. bxc3 Nd7 29. f3 Kf6 30. Kf2 Ke5 31. Bb5 Nb6 32. Be8 f6 33. Ke3 Kxd5 34. Kd3 Kc5 35. Bf7 d5 36. f4 Nc8 37. h4 Nd6 38. Bg8 h6 39. Bh7 g5 40. fxg5 fxg5 41. hxg5 hxg5 42. Bg6 Nc4 43. Be8 b6 44. Ke2 b5 45. Kd3 Ne5+ 46. Kd2 Kc4 47. Bh5 Nd7 48. Kc2 Nf6 49. Be2+ Kc5 50. Kd2 Nd7 51. Kc2 Ne5 52. Kd2 b4 53. Ke3 a3 0-1

[Event "Turkish Second League 2019"]
[Site "Konya"]
[Date "2019.07.27"]
[Round "8"]
[White "Ekici, Emre"]
[Black "Temizkan, Denizcan"]
[Result "0-1"]
[ECO "D02"]
[WhiteElo "1697"]
[BlackElo "2202"]
[Annotator "NA"]
[PlyCount "78"]
[EventDate "2019.07.22"]
[EventType "team-tourn"]
[EventCountry "TUR"]
[SourceTitle "playchess.com"]
[Source "ChessBase"]
[SourceQuality "1"]
[TimeControl "5400+30"]

1. d4 d5 2. Bf4 Nf6 3. e3 c5 4. Nf3 Nc6 5. c3 Qb6 6. Qc2 g6 7. Nbd2 Bf5 8. Qc1 Rc8 9. dxc5 Qxc5 10. Nb3 Qb6 11. Nbd4 Be4 12. Nxc6 bxc6 13. Be2 Nh5 14. Bg5 h6 15. Bh4 g5 16. Bg3 Nxg3 17. hxg3 Bg7 18. O-O Rb8 19. b4 a5 20. a3 c5 21. Ra2 O-O 22. b5 a4 23. c4 e6 24. Rd1 Rfd8 25. Ne1 Qa5 26. f3 Bg6 27. Kf2 d4 28. e4 Qc7 29. Nd3 f5 30. exf5 Bxf5 31. g4 Bg6 32. Nb2 d3 33. Nxd3 Bd4+ 34. Kf1 Qg3 35. f4 Be3 36. Qc2 Qh2 37. Bf3 Qg1+ 38. Ke2 Bxd3+ 39. Rxd3 Qf2+ 0-1

[Event "Turkish Second League 2019"]
[Site "Konya"]
[Date "2019.07.27"]
[Round "8"]
[White "Bozkurt, Serkan"]
[Black "Ciblakbas, Sertan"]
[Result "1-0"]
[ECO "A46"]
[WhiteElo "1689"]
[BlackElo "1729"]
[Annotator "NA"]
[PlyCount "83"]
[EventDate "2019.07.22"]
[EventType "team-tourn"]
[EventCountry "TUR"]
[SourceTitle "playchess.com"]
[Source "ChessBase"]
[SourceQuality "1"]
[TimeControl "5400+30"]

1. Nf3 e6 2. d4 Nf6 3. g3 b5 4. Bg2 Bb7 5. Qd3 a6 6. a4 Nc6 7. c3 Na5 8. Nbd2 Nc4 9. e4 d5 10. e5 Ne4 11. b3 Ncxd2 12. Nxd2 Nxd2 13. Bxd2 bxa4 14. Rxa4 Be7 15. O-O O-O 16. f4 Rb8 17. Ra2 Bc6 18. c4 dxc4 19. bxc4 Bxg2 20. Kxg2 Rb6 21. Be3 Qb8 22. Kh3 g6 23. Qe4 Qa8 24. Qxa8 Rxa8 25. Rfa1 Rc6 26. c5 Kf8 27. Bd2 Ke8 28. Rb1 Kd7 29. Ba5 f6 30. Kg4 h5+ 31. Kf3 fxe5 32. fxe5 Rf8+ 33. Ke4 Rf5 34. Rc2 Rf8 35. Rd1 g5 36. h3 g4 37. hxg4 hxg4 38. Rh2 Rf3 39. Rd3 Rf1 40. Rh7 Kd8 41. Rg7 Bxc5 42. dxc5+ 1-0

[Event "Turkish Second League 2019"]
[Site "Konya"]
[Date "2019.07.27"]
[Round "8"]
[White "Cetinkaya, Umut Can"]
[Black "Kayan, Veli"]
[Result "0-1"]
[ECO "B22"]
[WhiteElo "1639"]
[BlackElo "1863"]
[Annotator "NA"]
[PlyCount "158"]
[EventDate "2019.07.22"]
[EventType "team-tourn"]
[EventCountry "TUR"]
[SourceTitle "playchess.com"]
[Source "ChessBase"]
[SourceQuality "1"]
[TimeControl "5400+30"]

1. e4 c5 2. Nf3 Nc6 3. c3 d5 4. exd5 Qxd5 5. d4 Bf5 6. Na3 e6 7. Bc4 Qe4+ 8. Be2 Be7 9. O-O cxd4 10. cxd4 Bxa3 11. bxa3 Nge7 12. Bb2 O-O 13. Rc1 Rfd8 14. Re1 Qf4 15. Qb3 Be4 16. g3 Qf5 17. Nh4 Qa5 18. Bf3 Bd5 19. Qe3 Rd7 20. Rc5 Qb6 21. Bxd5 Rxd5 22. Rxd5 Nxd5 23. Qd2 Nce7 24. Rc1 Rd8 25. Qe2 Qd6 26. Nf3 a6 27. Ne5 Nf5 28. Qf3 Qb6 29. Ba1 f6 30. Nc4 Qc6 31. Bb2 Qd7 32. Qe4 Nd6 33. Nxd6 Qxd6 34. Qc2 Qd7 35. Qc5 Kf7 36. Qc2 g6 37. h4 Qe7 38. Qc4 Rd6 39. Qe2 Qd7 40. h5 Rc6 41. hxg6+ hxg6 42. Qd2 Kg7 43. Kg2 Rxc1 44. Bxc1 g5 45. Qc2 Ne7 46. Qe4 Nc6 47. Bb2 Na5 48. Kg1 Nc4 49. Bc1 Nd6 50. Qc2 Nf5 51. Bb2 b6 52. Qc3 Qd6 53. Qb3 Kf7 54. Qc2 Kg7 55. Qb3 Ne7 56. Qc3 Nc6 57. Qc4 b5 58. Qc3 Qd5 59. Qb3 Qe4 60. Qc3 Ne7 61. Qc7 Kf7 62. Qc1 Kg6 63. Qd1 Nd5 64. Kh2 f5 65. a4 b4 66. Kg1 f4 67. Qd2 a5 68. Kh2 Kf5 69. a3 fxg3+ 70. fxg3 Ne3 71. Kg1 bxa3 72. Bxa3 Qf3 73. Qxa5+ Kg4 74. Qd2 Qxg3+ 75. Kh1 Qf3+ 76. Kg1 Qg3+ 77. Kh1 Qh3+ 78. Kg1 Qf1+ 79. Kh2 Kf3 0-1

[Event "Turkish Second League 2019"]
[Site "Konya"]
[Date "2019.07.27"]
[Round "8"]
[White "Nesanir, Selin"]
[Black "Ilkbahar, Nimet Seray"]
[Result "1/2-1/2"]
[ECO "B14"]
[WhiteElo "1622"]
[BlackElo "1531"]
[Annotator "NA"]
[PlyCount "106"]
[EventDate "2019.07.22"]
[EventType "team-tourn"]
[EventCountry "TUR"]
[SourceTitle "playchess.com"]
[Source "ChessBase"]
[SourceQuality "1"]
[TimeControl "5400+30"]

1. e4 c6 2. d4 d5 3. exd5 cxd5 4. c4 Nf6 5. Nc3 e6 6. Nf3 Be7 7. c5 b6 8. b4 Ne4 9. Qc2 Nxc3 10. Qxc3 O-O 11. Bd3 a5 12. a3 axb4 13. axb4 Rxa1 14. Qxa1 bxc5 15. bxc5 Nc6 16. Bb5 Qc7 17. O-O Bb7 18. Bd2 Ra8 19. Qc3 Ba6 20. Ra1 Qb7 21. Bxa6 Rxa6 22. Rxa6 Qxa6 23. g3 Qb7 24. Bf4 Qb4 25. Qxb4 Nxb4 26. Ne5 f6 27. Nd7 Nc6 28. Nb8 Na7 29. Na6 Nc8 30. Kf1 Kf7 31. Nc7 g5 32. Bd2 Bd8 33. Nb5 Ke7 34. Ke2 Kd7 35. f4 Kc6 36. Na3 g4 37. Kd3 Bc7 38. Bc3 Na7 39. Kc2 Nb5 40. Nxb5 Kxb5 41. Kd3 Ka4 42. Kc2 Kb5 43. Kd3 h5 44. Kc2 Kc4 45. Kd2 Bd8 46. Kc2 Bc7 47. Kd2 Kb3 48. Kd3 Bd8 49. Kd2 Kc4 50. Kc2 Bc7 51. Kd2 Bd8 52. Kc2 Bc7 53. Kd2 Bd8 1/2-1/2

[Event "Turkish Second League 2019"]
[Site "Konya"]
[Date "2019.07.27"]
[Round "8"]
[White "Ozturk, Ecem"]
[Black "Catal, Uktenur"]
[Result "0-1"]
[ECO "C02"]
[WhiteElo "1268"]
[BlackElo "1885"]
[Annotator "NA"]
[PlyCount "114"]
[EventDate "2019.07.22"]
[EventType "team-tourn"]
[EventCountry "TUR"]
[SourceTitle "playchess.com"]
[Source "ChessBase"]
[SourceQuality "1"]
[TimeControl "5400+30"]

1. e4 e6 2. d4 d5 3. e5 c5 4. c3 Nc6 5. Nf3 Qb6 6. a3 Nh6 7. b4 cxd4 8. cxd4 Nf5 9. Bb2 Bd7 10. Be2 Be7 11. O-O Rc8 12. Qd2 O-O 13. Rd1 f6 14. Qd3 fxe5 15. dxe5 Be8 16. Nc3 Bg6 17. Qd2 Nh4 18. Na4 Nxf3+ 19. Bxf3 Qd8 20. Bc3 Bg5 21. Qe2 b6 22. Nb2 Ne7 23. Bd2 Rc2 24. Nd3 Qd7 25. Ne1 Rxd2 26. Rxd2 Bxd2 27. Qxd2 Qc7 28. Qe3 Rc8 29. Bg4 Nf5 30. Bxf5 Bxf5 31. Nf3 Be4 32. Re1 Bxf3 33. Qxf3 Qxe5 34. Qd1 Qf5 35. h3 Rc2 36. f3 Rc3 37. Qa1 Rc4 38. Kh1 Kf7 39. Rc1 Qf4 40. Rd1 Qf6 41. Qb1 g6 42. Qb3 Rc7 43. Qb1 Qc3 44. Rd3 Qc1+ 45. Qxc1 Rxc1+ 46. Kh2 Kf6 47. Kg3 Ke5 48. Kg4 h6 49. Re3+ Kd6 50. f4 d4 51. Rd3 Kd5 52. Rd2 Rc3 53. Ra2 d3 54. Kf3 Kd4 55. g4 Rc2 56. Ra1 d2 57. Ke2 Rc1 0-1

[Event "Turkish Second League 2019"]
[Site "Konya"]
[Date "2019.07.28"]
[Round "9"]
[White "Shanava, Konstantine"]
[Black "Garayev, Kanan"]
[Result "1-0"]
[ECO "B25"]
[WhiteElo "2538"]
[BlackElo "2351"]
[Annotator "ChessBase"]
[PlyCount "141"]
[EventDate "2019.07.22"]
[EventType "team-tourn"]
[EventCountry "TUR"]
[SourceTitle "playchess.com"]
[Source "ChessBase"]
[SourceQuality "1"]
[TimeControl "5400+30"]

1. g3 g6 2. Bg2 Bg7 3. e4 c5 4. d3 Nc6 5. f4 d6 6. Nc3 e6 7. Nf3 Nge7 8. O-O O-O 9. Be3 Nd4 10. Bf2 Nec6 11. g4 f5 12. exf5 exf5 13. g5 Be6 14. h4 Qd7 15. Nxd4 Nxd4 16. Nd5 Qf7 17. Ne3 Rad8 18. Re1 Rfe8 19. c3 Nc6 20. Qa4 d5 21. Nc2 d4 22. Bxc6 bxc6 23. c4 Qc7 24. Bg3 Bf8 25. Kg2 Bf7 26. Rxe8 Rxe8 27. Re1 Bd6 28. Kf3 Rxe1 29. Nxe1 Qe7 30. Ng2 Qb7 31. Qc2 Qe7 32. Be1 Be8 33. Qe2 Qd7 34. Ba5 Bf7 35. Ne1 h6 36. Kg3 hxg5 37. hxg5 Kg7 38. Nf3 Qc8 39. Ng1 Qh8 40. Nh3 Qb8 41. b3 Kg8 42. Bd2 Kg7 43. Nf2 Qd8 44. Kg2 Qh8 45. Qf3 Qe8 46. Nd1 Qd7 47. Nb2 Qe8 48. Nd1 Qd7 49. Kf1 Qe8 50. Nf2 Kg8 51. Nh1 a5 52. Ng3 Qa8 53. Qd1 Qb8 54. Ne2 Qa8 55. Kg2 Kg7 56. Ng1 Qb8 57. Kg3 Qd8 58. Nf3 Qb8 59. Qe1 a4 60. bxa4 Qb2 61. Ba5 Qb8 62. Ne5 Qh8 63. Bd2 Qh5 64. Nf3 Qh8 65. Qb1 Qh5 66. Kf2 Qh8 67. a5 Qa8 68. Qb6 Be6 69. a6 Bc8 70. a7 Qb7 71. Qd8 1-0

[Event "Turkish Second League 2019"]
[Site "Konya"]
[Date "2019.07.28"]
[Round "9"]
[White "Baltag, Iulian"]
[Black "Bashirli, Nail"]
[Result "1/2-1/2"]
[ECO "B52"]
[WhiteElo "2398"]
[BlackElo "2367"]
[Annotator "NA"]
[PlyCount "99"]
[EventDate "2019.07.22"]
[EventType "team-tourn"]
[EventCountry "TUR"]
[SourceTitle "playchess.com"]
[Source "ChessBase"]
[SourceQuality "1"]
[TimeControl "5400+30"]

1. e4 c5 2. Nf3 d6 3. Bb5+ Bd7 4. Bxd7+ Nxd7 5. O-O Ngf6 6. Re1 g6 7. c3 Bg7 8. d4 O-O 9. h3 e6 10. e5 Nd5 11. c4 Nb4 12. Bg5 Qb6 13. Be7 cxd4 14. Bxf8 Rxf8 15. a3 Nc6 16. exd6 Qxb2 17. Nbd2 Nc5 18. Ne4 Nxe4 19. Rxe4 Rd8 20. c5 h6 21. Qc1 Qxc1+ 22. Rxc1 e5 23. Rb1 Rd7 24. Re2 f5 25. Reb2 Nd8 26. Rb4 d3 27. g4 Kf7 28. Kf1 e4 29. Nh4 Bf6 30. Ng2 Bc3 31. Rc4 Be5 32. gxf5 gxf5 33. f3 Ke6 34. fxe4 fxe4 35. Ne3 Rf7+ 36. Kg2 Rg7+ 37. Kh1 Rg3 38. Rxe4 Rxh3+ 39. Kg2 Rh2+ 40. Kf3 Nf7 41. Rg4 Ng5+ 42. Rxg5 hxg5 43. Rxb7 Bf6 44. Rb1 Bd4 45. c6 Bxe3 46. c7 Rh8 47. Rb8 d2 48. Ke2 Kxd6 49. Rxh8 Kxc7 50. Rh6 1/2-1/2

[Event "Turkish Second League 2019"]
[Site "Konya"]
[Date "2019.07.28"]
[Round "9"]
[White "Isik, Alparslan"]
[Black "Kartal, Koray"]
[Result "1-0"]
[ECO "E05"]
[WhiteElo "2293"]
[BlackElo "2002"]
[Annotator "NA"]
[PlyCount "144"]
[EventDate "2019.07.22"]
[EventType "team-tourn"]
[EventCountry "TUR"]
[SourceTitle "playchess.com"]
[Source "ChessBase"]
[SourceQuality "1"]
[TimeControl "5400+30"]

1. Nf3 Nf6 2. c4 e6 3. g3 d5 4. d4 Be7 5. Bg2 O-O 6. O-O dxc4 7. Qc2 a6 8. a4 Bd7 9. Rd1 Bc6 10. Nc3 Bxf3 11. Bxf3 c6 12. a5 Bb4 13. Qa4 Qe7 14. e4 Rd8 15. Bg5 h6 16. Bxf6 gxf6 17. d5 Nd7 18. Na2 Bd6 19. Qxc4 Ne5 20. Qe2 Bc7 21. Nc3 Nxf3+ 22. Qxf3 Be5 23. Rd2 Bxc3 24. bxc3 cxd5 25. exd5 Rxd5 26. Rxd5 exd5 27. Qxd5 Rd8 28. Qh5 Qe5 29. Qxh6 Qxc3 30. Rc1 Qf3 31. h4 Rd1+ 32. Rxd1 Qxd1+ 33. Kh2 Qe1 34. Qxf6 Qxa5 35. g4 Qc7+ 36. Kh3 Qc6 37. Qg5+ Kf8 38. Qd8+ Kg7 39. Qg5+ Kf8 40. Kh2 Qd6+ 41. Kg2 Qc6+ 42. f3 Qc2+ 43. Kg3 Qd1 44. Qe3 Qd6+ 45. Kh3 Qe6 46. Qc5+ Qe7 47. Qc3 f6 48. f4 Kf7 49. h5 Qe4 50. Kg3 b5 51. g5 fxg5 52. fxg5 b4 53. g6+ Kg8 54. Qb3+ Kg7 55. Qf7+ Kh6 56. Kf2 Qd4+ 57. Kf3 Qd3+ 58. Kf4 Qd4+ 59. Kf5 Qd3+ 60. Ke6 Qe4+ 61. Kd7 Qb7+ 62. Kd8 Qb8+ 63. Ke7 Qc7+ 64. Ke6 Qc6+ 65. Ke5 Qc5+ 66. Ke4 Qc2+ 67. Kd5 Qb3+ 68. Kd6 Qd3+ 69. Kc7 Qc2+ 70. Kb6 b3 71. Qf8+ Kxh5 72. g7 b2 1-0

[Event "Turkish Second League 2019"]
[Site "Konya"]
[Date "2019.07.28"]
[Round "9"]
[White "Lomsadze, Davit"]
[Black "Yilmazyerli, Mert"]
[Result "1/2-1/2"]
[ECO "A37"]
[WhiteElo "2292"]
[BlackElo "2420"]
[Annotator "NA"]
[PlyCount "60"]
[EventDate "2019.07.22"]
[EventType "team-tourn"]
[EventCountry "TUR"]
[SourceTitle "playchess.com"]
[Source "ChessBase"]
[SourceQuality "1"]
[TimeControl "5400+30"]

1. Nf3 c5 2. g3 Nc6 3. Bg2 g6 4. O-O Bg7 5. c4 e6 6. Nc3 Nge7 7. Rb1 O-O 8. a3 d5 9. d3 b6 10. Bd2 Bb7 11. b4 cxb4 12. axb4 dxc4 13. dxc4 Rc8 14. c5 bxc5 15. bxc5 Na5 16. Bg5 f6 17. Bd2 Ba8 18. Nb5 Rxc5 19. Nbd4 Bd5 20. Bb4 Rc8 21. Qa4 Nac6 22. Nxc6 Bxc6 23. Qxa7 Rf7 24. Ba5 Qe8 25. Rfc1 Be4 26. Ra1 Nf5 27. Rxc8 Qxc8 28. Qb6 Rb7 29. Qd8+ Qxd8 30. Bxd8 Rb2 1/2-1/2

[Event "Turkish Second League 2019"]
[Site "Konya"]
[Date "2019.07.28"]
[Round "9"]
[White "Buyukasik, Diyap"]
[Black "Ozates, Tuna"]
[Result "1/2-1/2"]
[ECO "A37"]
[WhiteElo "2268"]
[BlackElo "2218"]
[Annotator "NA"]
[PlyCount "87"]
[EventDate "2019.07.22"]
[EventType "team-tourn"]
[EventCountry "TUR"]
[SourceTitle "playchess.com"]
[Source "ChessBase"]
[SourceQuality "1"]
[TimeControl "5400+30"]

1. Nf3 c5 2. c4 Nc6 3. Nc3 e5 4. g3 g6 5. Bg2 Bg7 6. O-O Nge7 7. d3 O-O 8. a3 a5 9. Ne1 d6 10. Nc2 Be6 11. Rb1 d5 12. cxd5 Nxd5 13. Ne3 Nde7 14. Bd2 f5 15. Nc4 a4 16. Be3 b6 17. Bg5 e4 18. Nd2 Bf6 19. Bxf6 Rxf6 20. dxe4 f4 21. e5 Rf8 22. gxf4 Rxf4 23. e3 Rf5 24. f4 Rf8 25. Qe2 Qc8 26. Nde4 Qa6 27. Qe1 Rad8 28. Qh4 Kg7 29. Nf6 h6 30. Rbd1 Nf5 31. Qf2 b5 32. Ncd5 Bxd5 33. Bxd5 Nce7 34. e4 Nd4 35. Rc1 Nxd5 36. exd5 Rxf6 37. exf6+ Qxf6 38. Rxc5 Re8 39. Rd1 Re4 40. Rc7+ Kh8 41. Rc8+ Kh7 42. Rc7+ Kh8 43. Rc8+ Kh7 44. Rc7+ 1/2-1/2

[Event "Turkish Second League 2019"]
[Site "Konya"]
[Date "2019.07.28"]
[Round "9"]
[White "Ozsakallioglu, Okan"]
[Black "Karaokcu, Erkin"]
[Result "1/2-1/2"]
[ECO "B01"]
[WhiteElo "2243"]
[BlackElo "2256"]
[Annotator "NA"]
[PlyCount "107"]
[EventDate "2019.07.22"]
[EventType "team-tourn"]
[EventCountry "TUR"]
[SourceTitle "playchess.com"]
[Source "ChessBase"]
[SourceQuality "1"]
[TimeControl "5400+30"]

1. e4 d5 2. exd5 Qxd5 3. Nc3 Qd6 4. d4 Nf6 5. Nf3 c6 6. g3 Bf5 7. Bg2 e6 8. O-O Be7 9. h3 h6 10. a3 O-O 11. Ne5 Qd8 12. g4 Bh7 13. f4 Nbd7 14. Qe2 Nd5 15. Ne4 f5 16. Nc3 Nxe5 17. Qxe5 Qd6 18. Qe2 Bf6 19. Nxd5 exd5 20. Qf2 Rae8 21. g5 Bd8 22. Bd2 a5 23. Rae1 hxg5 24. Rxe8 Rxe8 25. fxg5 Bc7 26. Bf4 Qxf4 27. Qxf4 Bxf4 28. Rxf4 Bg6 29. Kf2 Bh5 30. Bf1 g6 31. Bd3 Kf7 32. Rh4 Kg7 33. Rf4 Kf7 34. c4 Ke6 35. c5 Rb8 36. b4 axb4 37. axb4 b5 38. Ke3 Ra8 39. Rf1 Ra4 40. Rb1 Ra3 41. Re1 Kd7 42. Rf1 Rb3 43. Rb1 f4+ 44. Kd2 Ra3 45. Rf1 f3 46. Bc2 Ra8 47. Bd1 Ra1 48. Rf2 Ra3 49. Rf1 Ra1 50. Rf2 Rb1 51. Bxf3 Rxb4 52. Kd3 Rxd4+ 53. Kc3 Rc4+ 54. Kd3 1/2-1/2

[Event "Turkish Second League 2019"]
[Site "Konya"]
[Date "2019.07.28"]
[Round "9"]
[White "Ibrahimova, Sabina"]
[Black "Abdulla, Khayala"]
[Result "1/2-1/2"]
[ECO "B29"]
[WhiteElo "2190"]
[BlackElo "2283"]
[Annotator "NA"]
[PlyCount "149"]
[EventDate "2019.07.22"]
[EventType "team-tourn"]
[EventCountry "TUR"]
[SourceTitle "playchess.com"]
[Source "ChessBase"]
[SourceQuality "1"]
[TimeControl "5400+30"]

1. e4 c5 2. Nf3 Nf6 3. e5 Nd5 4. Nc3 e6 5. g3 d6 6. exd6 Nxc3 7. dxc3 Bxd6 8. Bg2 Nc6 9. O-O O-O 10. Ng5 Be7 11. Qxd8 Rxd8 12. Be3 Bd7 13. Ne4 b6 14. f4 Rac8 15. g4 Na5 16. b3 f5 17. Ng5 h6 18. Nf3 fxg4 19. Ne5 Bf6 20. Nxd7 Rxd7 21. Rad1 Rcd8 22. Rxd7 Rxd7 23. c4 Rd6 24. f5 e5 25. Be4 Nc6 26. Kg2 Nd8 27. Kg3 h5 28. a3 a5 29. c3 Nf7 30. Bd5 Kf8 31. b4 axb4 32. axb4 cxb4 33. cxb4 Bg5 34. Bf2 Nh6 35. Kg2 Bd2 36. Bh4 Bf4 37. Ra1 Ke8 38. Ra8+ Kd7 39. Ra7+ Ke8 40. Be7 Rxd5 41. cxd5 Nxf5 42. d6 e4 43. Ra8+ Kd7 44. Ra7+ Ke6 45. Bd8 Bxd6 46. Bxb6 Bxb4 47. Ra4 Bd6 48. Rxe4+ Kd5 49. Re2 Nh4+ 50. Kf1 Nf3 51. Bg1 h4 52. Ra2 Ke4 53. Ra4+ Kf5 54. Ra5+ Be5 55. Rb5 h3 56. Ra5 Kf6 57. Ra6+ Kf5 58. Ra5 g5 59. Ra2 g3 60. hxg3 Bxg3 61. Bb6 Kg4 62. Rb2 Bf4 63. Bf2 Nd2+ 64. Kg1 Kf3 65. Be1 h2+ 66. Kh1 Ne4 67. Rxh2 Bxh2 68. Kxh2 g4 69. Bh4 Nc3 70. Be1 Nd1 71. Kg1 Ne3 72. Bh4 Nf5 73. Be1 Ng3 74. Bf2 Ne2+ 75. Kf1 1/2-1/2

[Event "Turkish Second League 2019"]
[Site "Konya"]
[Date "2019.07.28"]
[Round "9"]
[White "Alumert, Orkun Efe"]
[Black "Karaoglan, Doruk"]
[Result "0-1"]
[ECO "B42"]
[WhiteElo "2151"]
[BlackElo "2278"]
[Annotator "NA"]
[PlyCount "96"]
[EventDate "2019.07.22"]
[EventType "team-tourn"]
[EventCountry "TUR"]
[SourceTitle "playchess.com"]
[Source "ChessBase"]
[SourceQuality "1"]
[TimeControl "5400+30"]

1. e4 c5 2. Nf3 e6 3. d4 cxd4 4. Nxd4 a6 5. Bd3 Ne7 6. O-O Nbc6 7. Nxc6 Nxc6 8. c4 Bc5 9. Nc3 d6 10. Qg4 Qf6 11. Bg5 Ne5 12. Qg3 Qg6 13. Rfd1 h6 14. Bf4 Qxg3 15. Bxg3 Bd7 16. Kf1 g5 17. Be2 Ke7 18. a3 a5 19. f4 gxf4 20. Bxf4 Bc6 21. a4 Rag8 22. Bxe5 dxe5 23. Bf3 Rf8 24. Ke2 Rhg8 25. g3 f5 26. Rf1 f4 27. g4 Rd8 28. Rac1 Bd4 29. Rfd1 Bxc3 30. Rxd8 Rxd8 31. bxc3 Bxa4 32. Ra1 Bb3 33. Rxa5 Bxc4+ 34. Kf2 Kf6 35. h4 b5 36. Ra7 Rd2+ 37. Kg1 Rd3 38. Kg2 Rxc3 39. h5 b4 40. g5+ Kxg5 41. Rg7+ Kf6 42. Rg6+ Kf7 43. Rxh6 b3 44. Rh7+ Kg8 45. Rb7 Rc2+ 46. Kh3 b2 47. h6 Ba2 48. h7+ Kh8 0-1

[Event "Turkish Second League 2019"]
[Site "Konya"]
[Date "2019.07.28"]
[Round "9"]
[White "Metin, Mehmet"]
[Black "Ozturk, Emir"]
[Result "0-1"]
[ECO "B08"]
[WhiteElo "2150"]
[BlackElo "2216"]
[Annotator "NA"]
[PlyCount "70"]
[EventDate "2019.07.22"]
[EventType "team-tourn"]
[EventCountry "TUR"]
[SourceTitle "playchess.com"]
[Source "ChessBase"]
[SourceQuality "1"]
[TimeControl "5400+30"]

1. e4 g6 2. d4 Bg7 3. Nc3 c6 4. Nf3 d6 5. a4 Nf6 6. h3 O-O 7. Be3 Nbd7 8. Be2 Qc7 9. O-O b6 10. Qd2 Bb7 11. Bh6 a6 12. Bxg7 Kxg7 13. Qe3 e5 14. Rfd1 b5 15. b4 exd4 16. Qxd4 c5 17. Qxd6 Qxd6 18. Rxd6 cxb4 19. Nd5 bxa4 20. Nxb4 Nc5 21. e5 Nfe4 22. Rb6 Nc3 23. Kf1 Rab8 24. Nc6 Nd7 25. Rxb7 Rxb7 26. Nd2 Rb6 27. Bf3 Rc8 28. e6 fxe6 29. Nd4 e5 30. Ne2 Nxe2 31. Kxe2 Rxc2 32. Be4 Rcb2 33. Kd1 Rd6 34. Bc2 Nc5 35. Kc1 Rxc2+ 0-1

[Event "Turkish Second League 2019"]
[Site "Konya"]
[Date "2019.07.28"]
[Round "9"]
[White "Duman, Aydin"]
[Black "Temizkan, Denizcan"]
[Result "1/2-1/2"]
[ECO "C55"]
[WhiteElo "2059"]
[BlackElo "2202"]
[Annotator "NA"]
[PlyCount "161"]
[EventDate "2019.07.22"]
[EventType "team-tourn"]
[EventCountry "TUR"]
[SourceTitle "playchess.com"]
[Source "ChessBase"]
[SourceQuality "1"]
[TimeControl "5400+30"]

1. e4 e5 2. Nf3 Nc6 3. Bc4 Be7 4. O-O Nf6 5. Re1 O-O 6. d3 d6 7. a4 a6 8. Nbd2 Rb8 9. a5 Be6 10. c3 h6 11. Nf1 Qd7 12. Ng3 Rfe8 13. Bxe6 Qxe6 14. d4 exd4 15. cxd4 d5 16. e5 Nh7 17. Qd3 Nb4 18. Qb3 b6 19. axb6 Rxb6 20. Bd2 Qg6 21. Bxb4 Bxb4 22. Rec1 c6 23. Qc2 Nf8 24. Ne2 Ne6 25. Qxg6 fxg6 26. Rc2 g5 27. Rac1 g4 28. Nh4 c5 29. dxc5 Nxc5 30. f4 gxf3 31. Nxf3 Nd3 32. Rd1 Nxe5 33. Rxd5 Nxf3+ 34. gxf3 Rf6 35. Rd3 Ref8 36. Kg2 Ba5 37. Ng3 Bb6 38. Rdc3 Bd4 39. Rd3 Bb6 40. Rdc3 Bd4 41. Rd3 Be5 42. Re3 Bf4 43. Rec3 Rb6 44. Rc6 Rfb8 45. Rxb6 Rxb6 46. Ne4 Be5 47. Nc5 Rc6 48. b4 Bd6 49. Ra2 Bxc5 50. bxc5 Kf7 51. h4 Ke6 52. Kg3 Kd5 53. Ra5 Kc4 54. h5 Kb4 55. Ra1 a5 56. Rb1+ Kc3 57. Rb7 Rxc5 58. Rxg7 Rxh5 59. f4 Rb5 60. Rh7 h5 61. Ra7 Kb3 62. Re7 a4 63. Re5 Rb8 64. Rxh5 a3 65. Ra5 a2 66. Kg4 Rb4 67. Rxa2 Kxa2 68. Kf5 Kb3 69. Ke5 Kc4 70. f5 Rb5+ 71. Ke6 Rb6+ 72. Ke5 Rb5+ 73. Ke6 Rb6+ 74. Ke5 Kc5 75. f6 Rb1 76. f7 Rf1 77. Ke6 Kc6 78. Ke7 Re1+ 79. Kd8 Ra1 80. f8=Q Ra8+ 81. Ke7 1/2-1/2